 Dungeon Crawl Stone Soup version 0.19.1 (webtiles) character file.

62843 evildog the Severer (level 14, -10/114 HPs)
             Began as a Minotaur Fighter on Dec 22, 2016.
             Was the Champion of Hepliaklqana.
             Mangled by a seven-headed hydra (12 damage)
             ... on level 6 of the Lair of Beasts on Dec 23, 2016.
             The game lasted 00:39:21 (18077 turns).

evildog the Severer (Minotaur Fighter)             Turns: 18077, Time: 00:39:21

Health: -10/114    AC: 23    Str: 28    XL:     14   Next: 65%
Magic:  14/18      EV: 10    Int: 10    God:    Hepliaklqana [******]
Gold:   1504       SH: 18    Dex: 15    Spells: 0 memorised, 13 levels left

rFire  + . .     SeeInvis .     C - +8 broad axe of Regicide {flame, rC- MR+ Str+4 Int+5}
rCold  x . .     Gourm    .     c - +0 plate armour
rNeg   . . .     Faith    .     J - +0 large shield
rPois  .         Spirit   .     e - +1 hat
rElec  .         Reflect  .     t - +2 cloak {MR+}
rCorr  .         Harm     +     R - +2 pair of gloves
MR     +++..                    F - +0 pair of boots
Stlth  ..........               O - amulet of harm
                                M - ring of protection from fire
                                H - +3 ring of dexterity

@: no status effects
A: retaliatory headbutt, reduced essence, horns 2
a: Recall Ancestor, Ancestor Identity, Transference, Idealise, Renounce Religion


You were on level 6 of the Lair of Beasts.
You worshipped Hepliaklqana.
Hepliaklqana was exalted by your worship.
You were not hungry.

You visited 3 branches of the dungeon, and saw 20 of its levels.
You also visited: Volcano.

You collected 1504 gold pieces.

Inventory:

Hand Weapons
 C - the +8 broad axe of Regicide (weapon) {flame, rC- MR+ Str+4 Int+5}
   (You found it on level 9 of the Dungeon)

   It has been specially enchanted to burn those struck by it, causing extra
   injury to most foes and up to half again as much damage against particularly
   susceptible opponents.
   Big, fiery blades are also staple armaments of hydra-hunters.
   It affects your strength (+4).
   It affects your intelligence (+5).
   It makes you vulnerable to cold.
   It affects your resistance to hostile enchantments.
Missiles
 o - 6 javelins
 q - 2 throwing nets (quivered)
Armour
 c - a +0 plate armour (worn)
 e - a +1 hat (worn)
 t - a +2 cloak of magic resistance (worn)
 F - a +0 pair of boots (worn)
 J - a +0 large shield (worn)
 R - a +2 pair of gloves (worn)
Jewellery
 i - an uncursed ring of flight
 z - a +6 amulet of reflection
 H - a +3 ring of dexterity (left hand)
 M - a ring of protection from fire (right hand)
 O - an amulet of harm (around neck)
 Q - an uncursed ring of protection from cold
 S - an uncursed amulet of rage {unknown}
Scrolls
 a - a scroll of summoning {unknown}
 b - 2 scrolls of immolation {unknown}
 g - 3 scrolls of blinking
 p - a scroll of fear
 r - 6 scrolls of enchant weapon
 s - 3 scrolls of recharging {unknown}
 u - a scroll of fog {unknown}
 v - 2 scrolls of magic mapping
 y - 2 scrolls of silence
 E - 2 scrolls of acquirement {unknown}
 G - a scroll of torment {unknown}
 I - 3 scrolls of teleportation
 K - 2 scrolls of remove curse
 N - 2 scrolls of enchant armour
Potions
 d - 2 potions of might
 h - 2 potions of flight
 j - 6 potions of curing
 k - 3 potions of resistance
 l - 2 potions of degeneration
 m - 2 potions of agility
 w - 3 potions of haste
 x - 5 potions of heal wounds
 B - a potion of cancellation {unknown}
 D - 3 potions of lignification
 L - a potion of magic {unknown}
 U - a potion of brilliance {unknown}
 V - a potion of cure mutation {unknown}
Comestibles
 f - 18 bread rations
 n - 4 beef jerkies
 A - 2 meat rations
 P - a royal jelly
 T - 9 fruits


   Skills:
 + Level 12.5 Fighting
   Level 14.3 Long Blades
 * Level 16.7 Axes
 + Level 8.6 Armour
 * Level 10.3 Dodging
 + Level 8.7 Shields
 * Level 6.8 Invocations


You had 13 spell levels left.
You didn't know any spells.

Dungeon Overview and Level Annotations

Branches:
Dungeon (13/15)            Temple (1/1) D:6            Lair (6/6) D:9
 Shoals (0/4) Lair:4       Spider (0/4) Lair:3        Slime (0/5) Lair:6
    Orc (0/2) D:12
 Vaults: D:13-14

Altars:
Ashenzari
Cheibriados
Dithmenos
Elyvilon
Fedhas
Gozag
Hepliaklqana
Kikubaaqudgha
Makhleb
Nemelex Xobeh
Okawaru
Qazlal
Ru
Sif Muna
Trog
Uskayaw
Vehumet
Xom
Yredelemnul
Zin
The Shining One
Jiyva

Shops:
D:13 ?


Innate Abilities, Weirdness & Mutations

You reflexively headbutt those who attack you in melee.
You have a pair of horns on your head.
Your life essence is reduced. (-10% HP)


Message History

Ealamassi is healed somewhat.
Ealamassi misses the electric eel.
The electric eel shoots out a bolt of lightning at Ealamassi!
The bolt of electricity hits Ealamassi.
The bolt of electricity hits you!
* * * LOW HITPOINT WARNING * * *
Ealamassi closely misses the electric eel.
The seven-headed hydra bites you!
* * * LOW HITPOINT WARNING * * *
You block the seven-headed hydra's attack. x3
The seven-headed hydra bites you.
* * * LOW HITPOINT WARNING * * *
The seven-headed hydra bites you but does no damage. x2
Ealamassi hits the electric eel with a quarterstaff!!!
The electric eel dies!
You hear a splash.
Ealamassi hits the seven-headed hydra with a quarterstaff!!
The seven-headed hydra bites you.
* * * LOW HITPOINT WARNING * * *
The seven-headed hydra bites you!
You die...

♣≈P≈≈♣ ♣≈≈≈≈≈≈♣♣♣
♣≈≈≈≈≈≈≈P♣ P≈≈≈≈≈≈≈≈♣♣
## # ≈≈≈≈≈≈≈≈≈≈♣ ..#.#
... P≈≈≈≈≈≈≈≈≈♣......
.... ≈≈P≈≈≈≈≈≈PP♣....#
..... ≈≈≈≈≈P≈PRD@....#
......≈≈P≈P≈≈≈≈PP≈..##
......PP≈≈≈≈P≈≈P≈P...#
......≈P≈PP≈≈≈≈≈≈.....#
......≈≈≈≈.P≈P≈≈≈≈..#...
......≈.....PP≈≈≈.......
...<..................#.
....................#..
..........P.........##


You could see the friendly Ealamassi the battlemage and a seven-headed hydra.

Vanquished Creatures
  Gastronok (Lair:3)
  Azrael (D:12)
  A red draconian (Volcano)
  Snorg (Lair:3)
  3 hydras
  12 death yaks
  The ghost of Idleism the Destroyer, a novice OpVM of Dithmenos (D:10)
  A salamander mystic (Volcano)
  A manticore (Lair:6)
  2 hill giants (D:11)
  4 salamanders (Volcano)
  An ugly thing (D:11)
  A centaur zombie (D:10)
  A torpor snail (Lair:6)
  A molten gargoyle (Volcano)
  A gargoyle (D:12)
  8 spiny frogs
  2 rime drakes (Lair:6)
  5 komodo dragons
  Prince Ribbit (Lair:3)
  2 trolls
  2 hornets
  A polar bear (Lair:5)
  Grinder (D:6)
  15 blink frogs
  2 slime creatures (D:10)
  7 dream sheep (Lair:6)
  9 hippogriffs
  2 redbacks (Lair:3)
  A spriggan (D:7)
  5 wyverns
  3 fire elementals (D:12)
  A hungry ghost (D:10)
  A fire bat (Volcano)
  26 yaks
  3 hogs (Lair:6)
  Grum (Lair:1)
  8 basilisks
  Menkaure (D:7)
  Duvessa (D:7)
  10 porcupines
  A hell hound (D:12)
  10 water moccasins
  6 orc warriors
  2 eyes of draining
  An ice beast (D:5)
  2 phantoms
  2 black bears
  3 ogres (D:9)
  2 necrophages
  14 wolves
  11 crocodiles
  14 centaurs
  2 big kobolds
  Blork the orc (D:4)
  8 bullfrogs
  A gnoll sergeant (D:6)
  Dowan (D:7)
  4 scorpions
  19 killer bees
  4 wights (D:11)
  4 electric eels
  A howler monkey (D:11)
  3 crimson imps
  A quasit (D:7)
  2 lava snakes (Volcano)
  16 hounds
  7 orc priests
  4 centaur skeletons
  2 jellies
  Crazy Yiuf (D:3)
  4 bullfrog skeletons
  15 orc wizards
  6 iguanas
  Natasha (thrice) (D:4)
  11 worker ants
  A worker ant zombie (D:8)
  8 gnolls
  14 adders
  A shadow imp (D:10)
  An ooze (D:3)
  An adder skeleton (D:4)
  An adder zombie (D:5)
  2 worms (D:3)
  2 dart slugs (D:3)
  4 leopard geckos
  65 orcs
  3 bats
  2 giant cockroaches
  2 goblins
  9 hobgoblins
  13 jackals
  3 quokkas
  2 ball pythons
  5 frilled lizards
  A jackal skeleton (D:5)
  16 kobolds
  A leopard gecko skeleton (D:7)
  2 quokka skeletons (D:4)
  A quokka zombie (D:7)
  5 rats
  2 fungi (Lair:5)
  5 plants
511 creatures vanquished.

Vanquished Creatures (collateral kills)
  Kirke (Lair:6)
  2 hydras
  2 unseen horrors (D:11)
  A lindwurm (Lair:1)
  A wolf spider (Lair:3)
  2 ugly things
  Maurice (D:11)
  Joseph (Lair:1)
  A siren (Lair:4)
  A molten gargoyle (Volcano)
  3 black mambas
  A spiny frog (Lair:4)
  A rime drake (Lair:2)
  A komodo dragon (Lair:3)
  2 polar bears
  A slime creature (D:10)
  3 hippogriffs
  2 blink frogs (Lair:6)
  A wraith (D:12)
  8 yaks
  2 hogs (Lair:6)
  A basilisk (Lair:6)
  2 hell hounds (D:12)
  A porcupine (Lair:2)
  2 sky beasts
  An orc warrior (D:8)
  3 wolves
  2 centaurs
  2 crocodiles
  A big kobold (D:7)
  3 killer bees (D:11)
  3 electric eels
  A bullfrog zombie (D:10)
  A crimson imp (D:11)
  A lava snake (Volcano)
  2 hounds
  An orc wizard (D:9)
  A hound zombie (D:11)
  A leopard gecko (D:10)
  9 orcs
  A kobold (D:7)
  A plant (Lair:6)
78 creatures vanquished.

Vanquished Creatures (others)
  An orc warrior (D:12)
  6 battlemagi
  An orc (D:9)
  A jackal (D:9)
  5 fungi
  5 plants (Lair:6)
19 creatures vanquished.

Grand Total: 608 creatures vanquished

Notes
Turn   | Place    | Note
-------+----------+-------------------------------------------
     0 | D:1      | evildog the Minotaur Fighter began the quest for the Orb.
     0 | D:1      | Reached XP level 1. HP: 19/19 MP: 0/0
   220 | D:1      | Reached XP level 2. HP: 24/26 MP: 1/1
   640 | D:2      | Reached XP level 3. HP: 31/31 MP: 2/2
  1146 | D:3      | Reached skill level 5 in Long Blades
  1146 | D:3      | Reached XP level 4. HP: 40/40 MP: 3/3
  1402 | D:3      | Found a runed door.
  1809 | D:3      | Noticed Crazy Yiuf
  1825 | D:3      | Killed Crazy Yiuf
  1825 | D:3      | Reached XP level 5. HP: 19/47 MP: 4/4
  2189 | D:4      | Noticed Blork the orc
  2202 | D:4      | Killed Blork the orc
  2258 | D:4      | Reached skill level 5 in Fighting
  2338 | D:4      | Noticed Natasha
  2346 | D:4      | Killed Natasha
  2401 | D:4      | Found a blossoming altar of Fedhas.
  2441 | D:4      | Noticed Natasha
  2444 | D:4      | Killed Natasha
  2444 | D:4      | Reached XP level 6. HP: 56/56 MP: 5/5
  3179 | D:4      | Got a jewelled leather armour
  3236 | D:4      | Noticed Natasha
  3239 | D:4      | Killed Natasha
  3326 | D:5      | Entered Level 5 of the Dungeon
  3355 | D:5      | Reached XP level 7. HP: 53/62 MP: 6/6
  4075 | D:5      | Found a shattered altar of Ashenzari.
  4133 | D:6      | Reached XP level 8. HP: 67/71 MP: 7/7
  4163 | D:6      | Noticed Grinder
  4168 | D:6      | Killed Grinder
  4168 | D:6      | Reached skill level 10 in Long Blades
  4332 | D:6      | Identified the +2 leather armour of the Bouncing Runes {rC+} (You found it on level 4 of the Dungeon)
  4408 | D:6      | Identified the Collected Works on Unholy Flames
  4913 | D:6      | Found a staircase to the Ecumenical Temple.
  5024 | Temple   | Entered the Ecumenical Temple
  5176 | Temple   | Became a worshipper of Hepliaklqana the Forgotten
  5223 | D:7      | Noticed a hippogriff
  5232 | D:7      | Killed a hippogriff
  5232 | D:7      | Reached XP level 9. HP: 44/73 MP: 8/8
  5388 | D:7      | Noticed Duvessa
  5389 | D:7      | Noticed Dowan
  5394 | D:7      | Killed Duvessa
  5398 | D:7      | Killed Dowan
  5441 | D:7      | Noticed Menkaure
  5447 | D:7      | Killed Menkaure
  5506 | D:7      | Found a shimmering altar of Xom.
  5526 | D:7      | Found a faded altar of an unknown god.
  5526 | D:7      | Found a shimmering altar of Xom.
  5533 | D:7      | Found a glowing silver altar of Zin.
  5535 | D:7      | Found a faded altar of an unknown god.
  5537 | D:7      | Found a deep blue altar of Sif Muna.
  5772 | D:7      | Reached * piety under Hepliaklqana
  6312 | D:8      | Found a snail-covered altar of Cheibriados.
  6507 | D:8      | Reached skill level 10 in Fighting
  6637 | D:8      | Found an ancient bone altar of Kikubaaqudgha.
  6638 | D:8      | Found a basalt altar of Yredelemnul.
  6638 | D:8      | Found a sparkling altar of Nemelex Xobeh.
  6779 | D:8      | Found a sacrificial altar of Ru.
  6781 | D:8      | Found an iron altar of Okawaru.
  7060 | D:8      | Reached skill level 1 in Invocations
  7218 | D:9      | Reached ** piety under Hepliaklqana
  7220 | D:9      | Remembered your ancestor Ealamassi as a battlemage
  7269 | D:9      | Reached XP level 10. HP: 52/83 MP: 9/9
  7299 | D:9      | Reached skill level 1 in Dodging
  8293 | D:9      | Found a shadowy altar of Dithmenos.
  8387 | D:9      | Found a staircase to the Lair.
  8588 | D:9      | Got a steaming broad axe
  8589 | D:9      | Identified the +8 broad axe of Regicide {flame, rC- MR+ Str+4 Int+5} (You found it on level 9 of the Dungeon)
  8635 | D:9      | Reached skill level 2 in Axes
  8816 | D:9      | Reached skill level 3 in Axes
  8983 | D:10     | Entered Level 10 of the Dungeon
  9071 | D:10     | Reached skill level 4 in Axes
  9082 | D:10     | Reached skill level 5 in Axes
  9088 | D:10     | Reached skill level 6 in Axes
  9201 | D:10     | Reached skill level 7 in Axes
  9201 | D:10     | Reached XP level 11. HP: 86/90 MP: 11/11
  9289 | D:10     | Reached skill level 8 in Axes
  9334 | D:10     | HP: 4/90 [electric eel/bolt of electricity (11)]
  9529 | D:10     | Reached skill level 9 in Axes
  9779 | D:10     | Noticed Idleism's ghost (novice OpVM)
  9793 | D:10     | Killed Idleism's ghost
  9924 | D:10     | Reached *** piety under Hepliaklqana
 10263 | D:11     | Reached skill level 10 in Axes
 10301 | D:11     | Noticed a green ugly thing
 10308 | D:11     | Killed a green ugly thing
 10344 | D:11     | Noticed a green ugly thing
 10351 | D:11     | Killed a green ugly thing
 10410 | D:11     | Noticed a hill giant
 10413 | D:11     | Noticed a hill giant
 10420 | D:11     | Killed a hill giant
 10420 | D:11     | Reached skill level 11 in Axes
 10425 | D:11     | Killed a hill giant
 10442 | D:11     | Killed an unseen horror
 10442 | D:11     | Reached skill level 12 in Axes
 10444 | D:11     | Killed Maurice
 10538 | D:11     | Killed an unseen horror
 10941 | D:11     | Found a hide-covered altar of Uskayaw.
 11078 | D:12     | Reached skill level 13 in Axes
 11109 | D:12     | Reached XP level 12. HP: 54/96 MP: 12/12
 11432 | D:11     | Reached skill level 14 in Axes
 11455 | D:12     | Reached skill level 5 in Armour
 11489 | D:12     | Noticed Azrael
 11795 | D:12     | Killed Azrael
 11801 | D:12     | Reached skill level 5 in Shields
 11925 | D:12     | Found a staircase to the Orcish Mines.
 12227 | D:13     | Found Wiptum's Magic Scroll Shoppe.
 12506 | Lair:1   | Entered Level 1 of the Lair of Beasts
 12520 | Lair:1   | Reached skill level 5 in Dodging
 12535 | Lair:1   | Reached **** piety under Hepliaklqana
 12600 | Lair:1   | Found a dark tunnel.
 12674 | Volcano  | Entered a volcano
 12890 | Volcano  | Found a radiant altar of Vehumet.
 12969 | Volcano  | Noticed a red draconian
 12979 | Volcano  | Killed a red draconian
 13099 | Lair:1   | Noticed Grum
 13102 | Lair:1   | Reached skill level 15 in Axes
 13112 | Lair:1   | Killed Grum
 13320 | Lair:1   | Noticed Joseph
 13325 | Lair:1   | Killed Joseph
 13668 | Lair:2   | Reached ***** piety under Hepliaklqana
 13678 | Lair:2   | Noticed an eight-headed hydra
 13683 | Lair:2   | Killed a seven-headed hydra
 13683 | Lair:2   | Reached XP level 13. HP: 71/104 MP: 13/13
 14662 | Lair:3   | Noticed Prince Ribbit
 14673 | Lair:3   | Killed Prince Ribbit
 14713 | Lair:3   | Noticed Gastronok
 14722 | Lair:3   | Killed Gastronok
 14772 | Lair:3   | Noticed Snorg
 14780 | Lair:3   | Killed Snorg
 14921 | Lair:3   | Found a hole to the Spider Nest.
 15741 | Lair:4   | Found a staircase to the Shoals.
 15854 | Lair:4   | Reached ****** piety under Hepliaklqana
 16476 | Lair:5   | Reached skill level 16 in Axes
 16477 | Lair:5   | Reached skill level 5 in Invocations
 17074 | Lair:5   | Reached XP level 14. HP: 102/113 MP: 16/16
 17431 | Lair:6   | Entered Level 6 of the Lair of Beasts
 17679 | Lair:6   | Found a viscous altar of Jiyva.
 17680 | Lair:6   | Found a staircase to the Slime Pits.
 17851 | Lair:6   | Reached skill level 10 in Dodging
 17868 | Lair:6   | Noticed Kirke
 17880 | Lair:6   | Killed Kirke
 18076 | Lair:6   | HP: 4/114 [seven-headed hydra (6)]
 18077 | Lair:6   | Mangled by a seven-headed hydra

Skill      XL: |  1  2  3  4  5  6  7  8  9 10 11 12 13 14 |
---------------+-------------------------------------------+-----
Long Blades    | 3 4 5 6 7 9 11 13 14 | 14.3
Fighting       | 4 5 6 8 10 11 12 | 12.5
Invocations    | 1 5 6 |  6.8
Dodging        | 3 6 9 10 | 10.3
Armour         | 4 6 7 8 |  8.6
Shields        | 4 6 7 8 |  8.7
Axes           | 7 13 15 16 | 16.7

Action                   |  1- 3 |  4- 6 |  7- 9 | 10-12 | 13-15 || total
-------------------------+-------+-------+-------+-------+-------++-------
Melee: Long sword        |   104 |   154 |   367 |   145 |       ||   770
       Headbutt          |    11 |    27 |    76 |   129 |    72 ||   315
       Broad axe         |       |       |       |   342 |   294 ||   636
Invok: Recall Ancestor   |       |       |     1 |     1 |       ||     2
       Ancestor Life: Ba |       |       |     1 |       |       ||     1
       Idealise          |       |       |       |       |     1 ||     1
Evoke: Wand              |       |       |       |     3 |       ||     3
  Use: Scroll            |       |     3 |     3 |    11 |     5 ||    22
       Potion            |       |       |       |     3 |       ||     3
 Stab: Distracted        |       |       |     2 |     5 |     1 ||     8
  Eat: Chunk             |     1 |     7 |    13 |     4 |     7 ||    32
       Fruit             |       |       |       |    10 |       ||    10
       Pizza             |       |       |       |     4 |     1 ||     5
       Royal jelly       |       |       |       |     2 |       ||     2
       Beef jerky        |       |       |       |       |     3 ||     3
Armor: Scale mail        |    12 |       |       |       |       ||    12
       Chain mail        |    36 |    50 |   144 |    31 |       ||   261
       Plate armour      |       |       |       |   162 |    82 ||   244
Dodge: Dodged            |    27 |    22 |    68 |    69 |    58 ||   244
Block: Shield            |    51 |    67 |   169 |    23 |       ||   310
       Large shield      |       |       |       |   350 |   247 ||   597
       Reflection        |       |       |       |     2 |       ||     2
       Rpst.: Long sword |     9 |     4 |    17 |     9 |       ||    39
